[Event "Fall GM-C Norm Invitational 2022"]
[Site "Charlotte"]
[Date "2022.11.19"]
[Round "4"]
[White "Slade, Theodore"]
[Black "Ippolito, Dean"]
[Result "1-0"]
[ECO "A62"]
[WhiteElo "2028"]
[BlackElo "2368"]
[Annotator "TA"]
[PlyCount "92"]
[EventDate "2022.11.18"]
[EventType "tourn"]
[EventCountry "USA"]
[SourceTitle "playchess.com"]
[Source "ChessBase"]
[SourceQuality "1"]
[TimeControl "5400+30"]

1. d4 Nf6 2. c4 e6 3. g3 c5 4. d5 exd5 5. cxd5 d6 6. Nc3 g6 7. Bg2 Bg7 8. Nf3 O-O 9. O-O Re8 10. Bf4 Ne4 11. Nxe4 Rxe4 12. Nd2 {[%emt 0:01:28] A62: Modern Benoni: Fianchetto Variation without early ...Nbd7.} Rxf4 13. gxf4 Bxb2 14. Rb1 Bg7 15. Nc4 Bh6 {[%emt 0:01:06] A strong pair of Bishops. 15...b6 gains popularity.} 16. e3 {[%emt 0:03:26] [#]} Na6 $146 ({Predecessor:} 16... Qe7 17. Qf3 Nd7 18. e4 Qf6 19. e5 Qxf4 20. Qxf4 Bxf4 21. Nxd6 Nxe5 22. Nxc8 Rxc8 23. Rxb7 {1-0 (38) Gundavaa,B (2489)-Shcherbakov,R (2527) Moscow 2019}) 17. Qf3 Nc7 18. a4 b6 19. Rfd1 Ba6 20. Rbc1 f5 21. Qg3 Qf8 22. h4 (22. Ne5 $5) 22... Ne8 (22... Qf6 $11 {keeps the balance.}) 23. h5 $16 Kg7 24. Bf3 {[%emt 0:05:48] White has more active pieces.} Nf6 25. Kh2 Rd8 26. Rg1 Qf7 27. Rg2 Bc8 $2 (27... Bxc4 $16 {keeps fighting.} 28. Rxc4 Rg8) 28. Rcg1 Ng4+ 29. Bxg4 fxg4 {[%emt 0:00:02] [#]} 30. Qh4 $36 {[%emt 0:01:16][%mdl 2048] Inhibits g5. Black is under strong pressure.} Qf8 31. Kh1 ({White should play} 31. hxg6 $18 hxg6 32. Kg3 (32. Rxg4 Bxg4 33. Qxg4 Qf6 $16)) 31... Bf5 (31... Qf6 $16 32. Qxf6+ Kxf6) 32. Nd2 ({Better is} 32. hxg6 $18 Qf6 33. Qxf6+ Kxf6 34. gxh7) 32... c4 $2 (32... Qf6 $16 {was necessary.} 33. Qxf6+ Kxf6) 33. Nxc4 Rc8 {[%emt 0:00:02] [#]} 34. Nd2 {[%emt 0:01:21] Strongly threatening hxg6.} Rc2 (34... Qf6 $142 35. Rxg4 Rc2) 35. f3 $18 gxf3 36. Nxf3 Rxg2 37. Rxg2 (37. Kxg2 $142 Qf6 38. Qxf6+ Kxf6 39. hxg6) 37... Be4 38. Qg4 Qf7 (38... Bf5 {was called for.} 39. Qg3 Be4) 39. Kh2 ({Resist} 39. hxg6 $6 hxg6 40. Kg1 Qxd5 $18) 39... Qxd5 40. Rg3 (40. Kg3 $18 {is more deadly.}) 40... Qa2+ (40... Kf7 $16 41. Qd7+ Kf6 42. hxg6 (42. Qxh7 Qxh5+ 43. Kg2 Bg7 $16) 42... hxg6) 41. Rg2 {[%emt 0:00:26] Chess con chili.} Qd5 {[%emt 0:01:14] [#]} (41... Qxa4 $2 42. f5 Qe8 43. hxg6 hxg6 44. Qh5 Bxf5 45. Qxf5 $18) 42. hxg6 $1 hxg6 43. Rd2 {[%emt 0:00:08] Inhibits Qd3.} ({White should try} 43. Kg3 $18) 43... Bxf3 $11 {[%emt 0:00:10] The position is equal.} 44. Qd7+ $1 Qf7 45. Rxd6 Qxd7 46. Rxd7+ Kf6 {[%emt 0:01:18][%mdl 32768] Weighted Error Value: White=0.61/Black=0.41. Sensor Board Error (Ke4/e5)?} 1-0

[Event "Fall GM-C Norm Invitational 2022"]
[Site "Charlotte"]
[Date "2022.11.20"]
[Round "5"]
[White "Wang, Tianqi"]
[Black "Georgiev, Vladimir"]
[Result "1/2-1/2"]
[ECO "C64"]
[WhiteElo "2428"]
[BlackElo "2406"]
[Annotator "TA"]
[PlyCount "47"]
[EventDate "2022.11.18"]
[EventType "tourn"]
[EventCountry "USA"]
[SourceTitle "playchess.com"]
[Source "ChessBase"]
[SourceQuality "1"]
[TimeControl "5400+30"]

1. e4 e5 2. Nf3 Nc6 3. Bb5 Bc5 4. c3 Nf6 5. d4 exd4 6. e5 {[%emt 0:00:05] C64: Ruy Lopez: Classical Defence (3...Bc5) except 4 0-0 Nf6.} Nd5 7. cxd4 Bb4+ 8. Nbd2 {[%emt 0:00:06] White has an edge.} O-O 9. O-O d6 {[%emt 0:01:48] [#]} 10. Nb3 $146 {[%emt 0:00:20] [#] And now a3 would win.} ({Predecessor:} 10. Nc4 dxe5 11. dxe5 Nce7 12. a3 Bc5 13. Ba4 a6 14. Bc2 b5 15. Ncd2 Bg4 16. Bxh7+ Kxh7 {0-1 (48) Balakhontsev,E (1972)-Garifullin,I Ufa 2008}) 10... dxe5 11. Nxe5 Nce7 12. a3 Bd6 13. Nc5 Ng6 14. Ncd7 Bxd7 15. Nxd7 Re8 {[%emt 0:00:13] [#] ...c6 is the strong threat.} ({Don't play} 15... Qh4 16. g3 Qh3 17. Qf3 $16 (17. Nxf8 $2 {is a self mate.} Nh4)) 16. Nc5 c6 (16... Qh4 $2 17. g3 Qf6 18. Bxe8 (18. Nxb7 Reb8 $16) 18... Rxe8 19. Nxb7 $18) 17. Bc4 Qb6 18. b4 {[%emt 0:02:17] The position is equal.} Qc7 19. g3 a5 20. Bd2 b6 21. Nd3 Re4 22. Rc1 {[%emt 0:19:45] Threatens to win with Bxd5.} Rxd4 {[%emt 0:02:18] White must now prevent ...axb4.} 23. Be3 Rxc4 24. Rxc4 {Weighted Error Value: White=0.07 (flawless) /Black=0.06 (flawless)} 1/2-1/2

[Event "Fall GM-C Norm Invitational 2022"]
[Site "Charlotte"]
[Date "2022.11.20"]
[Round "5"]
[White "Sethuraman, Sandeep"]
[Black "Slade, Theodore"]
[Result "1-0"]
[ECO "D31"]
[WhiteElo "2371"]
[BlackElo "2028"]
[Annotator "TA"]
[PlyCount "75"]
[EventDate "2022.11.18"]
[EventType "tourn"]
[EventCountry "USA"]
[SourceTitle "playchess.com"]
[Source "ChessBase"]
[SourceQuality "1"]
[TimeControl "5400+30"]

1. d4 d5 2. c4 e6 3. Nc3 a6 4. cxd5 exd5 5. Qb3 c5 6. Nxd5 {[%emt 0:00:44] D31: Queen's Gambit Declined: Semi-Slav without ...Nf6 (+ Marshall Gambit and Noteboom) and Exchange Variation lines without ...Nf6.} Nc6 $1 {[%emt 0:00:17] [#]} 7. Bg5 $1 Nge7 (7... Qxg5 $2 8. Nc7+ Ke7 9. Nxa8 $18 (9. Nf3 Nxd4 10. Nxd4 cxd4 $14)) 8. Nb6 {[%emt 0:00:53] The position is equal.} c4 9. Nxc4 b5 {[%emt 0:00:07] [#] And now ...Be6 would win.} 10. e4 $146 ({Predecessor:} 10. Nd2 Nxd4 11. Qd3 Bf5 12. e4 Rc8 13. Kd1 Bg6 14. f3 f6 15. Be3 Nc2 16. Qxd8+ Kxd8 {1-0 (67) Tan,Z (2511)-Yildiz Kadioglu,B (2362) Krasnaya Polyana 2021}) 10... Qxd4 ({But not} 10... bxc4 11. Bxc4 Qa5+ 12. Bd2 $16) (10... Nxd4 $5 11. Qc3 $8 f6 $11) 11. Nd2 Be6 $1 12. Qc3 Qxc3 13. bxc3 Ng6 14. Be3 Ba3 15. f4 {[%emt 0:01:27] f5 is the strong threat.} f5 (15... Bb2 $14 16. Rb1 Bxc3) 16. g4 $1 $16 Bb2 (16... fxg4 $16 {was called for.} 17. f5 Nge5) 17. Rb1 $1 $18 Bxc3 {[%emt 0:00:17] White must now prevent ...fxe4.} 18. gxf5 ({Don't play} 18. Rc1 Bxd2+ 19. Bxd2 Nge7) 18... Bxa2 19. Rc1 Bxd2+ 20. Bxd2 (20. Kxd2 $6 Nge7 $16) 20... Nge7 21. Ra1 ({Better is} 21. Nf3 $18) 21... Bc4 (21... Bb3 $1 $14) 22. Bxc4 $1 bxc4 23. Bc3 O-O (23... Nc8 $142) 24. Ne2 Nc8 25. Rg1 $1 Rf7 26. Kf2 Nd6 27. Kf3 Nb5 28. Ra4 $1 Nxc3 29. Nxc3 Nd4+ 30. Ke3 Nc2+ {[%emt 0:00:30] [#]} 31. Kd2 (31. Kf2 $1 $18 {and White stays clearly on top.}) 31... Nd4 $16 {[%emt 0:00:07] aiming for ...Nf3+.} 32. Ke3 {[%emt 0:00:01] Prevents Nf3.} (32. Rd1 $16) 32... Nc2+ $1 $18 {[%emt 0:00:25] [#]} 33. Kf2 $1 Rd8 (33... Rb8 $142 34. Rxc4 Rb4 35. Rc8+ Rf8) 34. Nd5 ({Resist} 34. Rxc4 $6 Rd2+ 35. Kf3 Rd3+ 36. Ke2 Rd4 37. Rxd4 Nxd4+ 38. Ke3 Nb5 $18) 34... c3 $2 (34... a5 35. Rxc4 Nb4) 35. Rc1 {[%emt 0:02:06] White is clearly winning.} Rxf5 36. exf5 Rxd5 37. Rxc2 Rxf5 38. Rxc3 {[%emt 0:00:02] Weighted Error Value: White=0.14 (very precise) /Black=0.27 (precise)} 1-0

[Event "Fall GM-C Norm Invitational 2022"]
[Site "Charlotte"]
[Date "2022.11.20"]
[Round "5"]
[White "Ippolito, Dean"]
[Black "Rodriguez Garcia, Victor"]
[Result "1-0"]
[ECO "E68"]
[WhiteElo "2368"]
[BlackElo "2350"]
[Annotator "TA"]
[PlyCount "199"]
[EventDate "2022.11.18"]
[EventType "tourn"]
[EventCountry "USA"]
[SourceTitle "playchess.com"]
[Source "ChessBase"]
[SourceQuality "1"]
[TimeControl "5400+30"]

1. d4 Nf6 2. c4 g6 3. Nf3 Bg7 4. g3 O-O 5. Bg2 d6 6. Nc3 Nbd7 7. O-O e5 8. e4 exd4 9. Nxd4 Nc5 10. h3 Re8 11. Re1 Bd7 12. Rb1 Qc8 13. Kh2 h5 {[%emt 0:00:54] E68: King's Indian: Fianchetto: 6...Nbd7 7 0-0 e5 8 e4.} 14. b4 Ne6 {[%emt 0:01:06] [#] Threatens to win with ...Nxd4.} 15. Be3 $146 ({Predecessor:} 15. Nf3 Nh7 16. Qd3 a6 17. Nd5 b5 18. Bb2 Bxb2 19. Rxb2 Rb8 20. e5 Bc6 21. Nh4 bxc4 22. Qxc4 {1-0 (68) Ikeda,J (2427)-Bach,M (2200) Helsingor 2017}) 15... Nxd4 {[%emt 0:21:33] White is slightly better.} 16. Bxd4 Qd8 17. f4 Be6 18. Nd5 c6 {[%emt 0:03:45] [#]} 19. Ne3 {[%emt 0:00:42] White is much more active.} Bc8 20. Qd3 Qd7 21. Nf1 Qe7 22. Rbd1 Rd8 23. Ne3 Bd7 24. a3 Be8 25. Qc3 c5 26. bxc5 dxc5 27. Be5 (27. Bxf6 $18 Qxf6 28. e5) 27... Rxd1 $16 28. Rxd1 Ba4 {[%emt 0:01:56] [#]} (28... Rd8 $16 {might work better.}) 29. Rb1 $1 $18 Rd8 30. Bxf6 Bxf6 31. e5 Bg7 32. Rxb7 Rd7 33. Nd5 Qd8 34. Qb2 {[%emt 0:05:50] Hoping for Rb8.} Rxb7 35. Qxb7 h4 (35... Qd7 $142) 36. Qxa7 hxg3+ 37. Kxg3 Bc2 38. Qxc5 g5 {[%emt 0:00:09] [#]} 39. Qc8 $3 gxf4+ 40. Kxf4 Bh6+ (40... Qxc8 $2 41. Ne7+ Kf8 42. Nxc8 $18) 41. Kg3 {[%emt 0:00:06] Threatening mate with Nf6+.} Qxc8 (41... Bf4+ $2 42. Kxf4 Qxc8 43. Ne7+ Kf8 44. Nxc8 $18) 42. Ne7+ Kf8 43. Nxc8 {[%emt 0:00:02][%mdl 4096] Endgame KBB-KBN} Bc1 44. c5 Bxa3 $2 (44... Bb2 45. Kf4 Bc1+ 46. Kf3 Bb2) 45. c6 {[%emt 0:00:03] Black must now prevent c7.} Bb2 46. Kf4 Bc1+ 47. Kg4 (47. Kf3 $142) 47... Bb3 48. Nd6 {[%emt 0:02:19] And now Be4 would win.} Be6+ 49. Kf3 (49. Kh5 $142 Bf4 50. c7) 49... Bb2 50. Ke4 f6 $2 (50... Ke7 $18 51. c7 Bxe5) 51. exf6 Bxf6 52. c7 Ke7 53. c8=Q Bxc8 54. Nxc8+ Kf7 55. Kf5 Kg7 56. Nd6 Bh4 57. Kg4 Be1 58. h4 Bd2 59. Be4 Bc1 60. Nf5+ Kh7 61. Kh5 Bd2 62. Nd6+ Kg7 63. Ne8+ Kf8 64. Bg6 Bc1 65. Kg4 Bd2 66. Kf5 Bc1 67. Ke6 Kg8 68. Bd3 Kf8 69. Bb5 Kg8 70. Kf6 Kh7 71. Bd3+ Kh6 72. Bg6 Bb2+ 73. Kf5 Bc3 74. Nd6 Kg7 75. Kg5 Bd2+ 76. Kh5 Bc1 77. Ne8+ Kf8 78. Kg4 $2 (78. Nf6 Ba3 79. Nd5 Bc1 80. Kg4 Kg8 81. Ne7+ Kg7 82. h5 Kf6 83. Nf5) 78... Kg8 $2 (78... Bd2 $11 79. Kf5 Ke7) 79. Kf5 $2 (79. h5 {mates} Kf8 80. Nd6 Kg7 81. Nf5+ Kf6 82. Be8 Bg5 83. h6 Bxh6 84. Nxh6) 79... Bb2 $2 (79... Kf8 $11 80. Ke6 Bf4) 80. h5 {[%emt 0:00:07] White mates.} Bc1 81. Kf6 Bb2+ 82. Ke6 Bc1 83. Nd6 Bd2 84. Nf5 Bc1 85. Kf6 Bb2+ 86. Kg5 Bc1+ 87. Kg4 Bb2 88. h6 Kh8 89. h7 Bc3 90. Kh5 Bb2 91. Nd6 Kg7 92. Nf7 Kf8 93. h8=Q+ Bxh8 94. Nxh8 Ke7 95. Kg5 Kd6 96. Kf5 Kd5 97. Nf7 Kd4 98. Ne5 Kd5 99. Kf4 Kd4 100. Be4 {[%emt 0:00:10] Weighted Error Value: White=0.19 (very precise) /Black=0.35} (100. Bf7 $142 Kc5 101. Ke4 Kb4 102. Kd4 Ka4 103. Nd3 Ka3 104. Bg8 Ka4 105. Kc5) 1-0

[Event "Fall GM-C Norm Invitational 2022"]
[Site "Charlotte"]
[Date "2022.11.20"]
[Round "5"]
[White "Gedajlovic, Max"]
[Black "Escobar Forero, Alder"]
[Result "1-0"]
[ECO "B81"]
[WhiteElo "2317"]
[BlackElo "2510"]
[Annotator "TA"]
[PlyCount "97"]
[EventDate "2022.11.18"]
[EventType "tourn"]
[EventCountry "USA"]
[SourceTitle "playchess.com"]
[Source "ChessBase"]
[SourceQuality "1"]
[TimeControl "5400+30"]

1. e4 c5 2. Nf3 e6 3. d4 cxd4 4. Nxd4 Nf6 5. Nc3 d6 6. g4 h6 7. Rg1 g5 {[%emt 0:05:12] Inhibits h4. B81: Sicilian Scheveningen: Keres Attack.} 8. h4 {[%emt 0:00:50] [#]} Rg8 $146 ({Predecessor:} 8... gxh4 9. g5 hxg5 10. Bxg5 Be7 11. Qd3 a6 12. O-O-O Bd7 13. e5 dxe5 14. Nxe6 Qa5 15. Bxf6 Bxf6 16. Nd5 Bxe6 17. Nxf6+ Ke7 18. Ng8+ Rxg8 19. Rxg8 Qc7 20. Qa3+ Kf6 21. Qe3 {1-0 (21) Bronstein,O (2476)-Gnojek,P (2295) Pardubice 2022}) 9. hxg5 hxg5 {[%emt 0:00:04] White is better.} 10. Be3 Nc6 11. Qd2 Nd7 12. O-O-O {[%emt 0:02:58] White is more active.} Nde5 13. Be2 a6 {[%emt 0:06:05] Inhibits Ndb5.} (13... Nxd4 $16 14. Bxd4 (14. Qxd4 a6 $14) 14... Nc6) 14. Nf5 $18 Na5 {[%emt 0:31:46] [#]} (14... f6 {keeps fighting.} 15. Nxd6+ Bxd6) 15. Nxd6+ (15. b3 $1 $18 {and White stays clearly on top.}) 15... Bxd6 16. Qxd6 Qxd6 17. Rxd6 {[%emt 0:00:08] Threatens to win with Bb6.} Nac4 {[%emt 0:00:06] Inhibits Bb6.} 18. Bxc4 Nxc4 {[%emt 0:00:02] [#]} 19. Rd3 {[%emt 0:00:21] Strongly threatening Bd4.} Nxe3 20. Rxe3 Bd7 21. b3 Rh8 22. Rg2 Ke7 23. Ne2 Rh1+ 24. Kd2 Rd8 25. Rd3 Rdh8 26. Ng3 Ra1 27. a4 b5 28. axb5 axb5 29. Ne2 {[%emt 0:04:12] White stays focused until the end.} Rhh1 30. Kc3 {[%emt 0:01:22] Inhibits b4+.} Ra2 31. Rd2 {[%emt 0:02:52] Prevents b4+.} Rh3+ (31... Raa1 $16) 32. Kb4 ({Resist} 32. Rg3 Rxg3+ 33. Nxg3 Ra1 $16) 32... Bc6 33. Rg3 Rxg3 34. Nxg3 $16 {[%emt 0:00:05][%mdl 4096] Endgame KRB-KRN} Ra1 35. Kc5 Bd7 36. Ne2 Re1 (36... Ra8 $142 37. Nd4 Rc8+ 38. Kb4 Rb8) 37. Nc3 $18 Rg1 38. Nxb5 Rxg4 39. Nd6 f5 (39... Rh4 $142 40. Nxf7 Rxe4) 40. exf5 exf5 41. b4 Rg1 42. b5 Rb1 43. b6 {[%emt 0:01:24] c4 is the strong threat.} Rb2 {[%emt 0:00:28] Inhibits c4.} 44. Re2+ (44. b7 $142 Rxb7 45. Nxb7) 44... Kf6 45. b7 {[%emt 0:00:42] And now c4 would win.} g4 46. c4 Rxe2 47. b8=Q (47. b8=B $2 {is the wrong capture.} Rxf2 48. Kd4 g3 $19) 47... Be6 48. Qh8+ (48. Qd8+ $142 Kg6 49. Qe8+ Kg5 50. Qe7+ Kf4 51. Nf7 Kf3 52. Ng5+ Kg2 53. Nxe6 Kxf2 {[#]} 54. Qg5 $1 Re5+ 55. Kd6) 48... Kg5 49. Qd4 {[%emt 0:01:23] Weighted Error Value: White=0.21 (precise) /Black=0.37} 1-0

[Event "Fall GM-C Norm Invitational 2022"]
[Site "Charlotte"]
[Date "2022.11.20"]
[Round "6"]
[White "Macieja, Bartlomiej"]
[Black "Gedajlovic, Max"]
[Result "1/2-1/2"]
[ECO "D41"]
[WhiteElo "2514"]
[BlackElo "2317"]
[Annotator "TA"]
[PlyCount "85"]
[EventDate "2022.11.18"]
[EventType "tourn"]
[EventCountry "USA"]
[SourceTitle "playchess.com"]
[Source "ChessBase"]
[SourceQuality "1"]
[TimeControl "5400+30"]

1. Nf3 d5 2. d4 Nf6 3. c4 e6 4. Nc3 c5 5. cxd5 cxd4 6. Qa4+ Bd7 7. Qxd4 exd5 8. Bg5 Nc6 {[%emt 0:00:12] D41: Queen's Gambit Declined: Semi-Tarrasch with 5 cxd5.} 9. Qd3 Be6 10. e3 {[%emt 0:00:30] Inhibits d4.} h6 11. Bh4 Be7 (11... g5 $5 12. Bg3 $8 Ne4 $11) 12. Be2 O-O 13. O-O a6 14. Rfd1 Qb6 15. a3 Rfd8 (15... Qxb2 $2 16. Rdb1 Bf5 17. Rxb2 $18) 16. b4 Rac8 17. Rac1 Qa7 18. h3 {[%emt 0:18:07] [#]} g6 $146 ({Predecessor:} 18... b5 19. Bg3 Qb7 20. Ne5 Nxe5 21. Bxe5 Ne4 22. Qb1 f6 23. Bd4 Nd6 24. Bc5 Nc4 25. Bxe7 Qxe7 {0-1 (90) Faizrakhmanov,R (2469)-Bryakin,M (2436) Sochi 2022}) 19. Bf1 Kg7 20. Ne2 g5 21. Bg3 Ne4 {[%emt 0:00:52] [#]} 22. Nfd4 $1 Bf6 23. Nxe6+ fxe6 24. Bh2 {[%emt 0:00:04] Threatens to win with f3.} Ne5 25. Qb3 b5 26. Nd4 Qf7 27. Rxc8 Rxc8 28. f3 Nd6 29. e4 Nec4 {[%emt 0:01:18] [#] Strongly threatening ...Bxd4+.} 30. Ne2 Qa7+ 31. Kh1 Qe3 32. Qa2 Nb2 $36 {[%emt 0:01:00][%mdl 2048] Black is pushing. Pair of Knights!} 33. Rb1 Ndc4 {[%emt 0:01:13] ...Nd3 is the strong threat.} 34. exd5 (34. Ng3 $1 $11 Kh8 35. Bxc4 bxc4 36. e5 (36. Nh5 Bc3 $17)) 34... Qxa3 $17 ({And not} 34... exd5 35. Ng3 Kh8 36. Bg1 $11) 35. Ra1 Qxa2 36. Rxa2 Ne3 ({Not} 36... exd5 37. Rxa6 d4 38. Ng3 $15) 37. Ng3 (37. Kg1 $17 {was the only chance.}) 37... Nxf1 $19 38. Nh5+ Kg6 39. Nxf6 Rc1 $2 ({Black should try} 39... Kxf6 $19 40. Rxb2 Nxh2 41. Kxh2 exd5) 40. Bg1 $2 (40. Be5 $11 {and White stays safe.} Ne3+ 41. Kh2) 40... Ng3+ $2 (40... Nd3 $19 41. Rxa6 Kxf6 42. Bd4+ Ke7 43. Rxe6+ Kd7 44. Rxh6 Nxb4) 41. Kh2 $17 Nf1+ $2 (41... Nd3 $17 42. Kxg3 Rxg1) 42. Kh1 $19 Ng3+ (42... Nd3 $19 {and Black stays clearly on top.} 43. Rxa6 Kxf6 44. Bd4+ Ke7 45. Rxe6+ Kd7 46. Rxh6 Nxb4) 43. Kh2 {[%emt 0:00:01] Weighted Error Value: White=0.28 (precise) /Black=0.35} 1/2-1/2

[Event "Fall GM-C Norm Invitational 2022"]
[Site "Charlotte"]
[Date "2022.11.20"]
[Round "6"]
[White "Escobar Forero, Alder"]
[Black "Ippolito, Dean"]
[Result "0-1"]
[ECO "C65"]
[WhiteElo "2510"]
[BlackElo "2368"]
[Annotator "TA"]
[PlyCount "92"]
[EventDate "2022.11.18"]
[EventType "tourn"]
[EventCountry "USA"]
[SourceTitle "playchess.com"]
[Source "ChessBase"]
[SourceQuality "1"]
[TimeControl "5400+30"]

1. e4 e5 2. Nf3 Nc6 3. Bb5 Nf6 4. d3 Bc5 5. c3 d5 6. Qe2 {[%emt 0:00:07] Strongly threatening d4. C65: Ruy Lopez: Berlin Defence (3...Nf6), unusual lines and 4 0-0 Bc5.} O-O 7. h3 a5 8. O-O {[%emt 0:10:02] The position is equal.} dxe4 9. dxe4 Qe7 {[%emt 0:00:19] [#]} 10. Rd1 $146 ({Predecessor:} 10. Nbd2 Nb8 11. Rd1 c6 12. Bd3 h6 13. Nf1 Nh5 14. Be3 Bxe3 15. Qxe3 Nf4 16. Bc2 {1-0 (49) Quinones,C (2154)-Siddharth,J (2320) Chess.com INT 2020}) 10... Nb8 11. Bg5 c6 12. Bd3 Rd8 13. Nbd2 Nbd7 14. Nh4 h6 15. Nf5 Qf8 16. Bh4 g6 17. Ne3 Be7 (17... Re8 $11) 18. Qf3 {[%emt 0:14:12] [#]} (18. Bc2 $14) 18... Nxe4 $1 $11 19. Qxe4 {[%emt 0:07:06] Threatens to win with Nf3.} Nc5 $1 20. Qxe5 ({Much worse is} 20. Bxe7 Qxe7 21. Qf3 Nxd3 $17) 20... Bxh4 21. Bc2 Be6 22. Nb3 Rxd1+ (22... Bxb3 {looks sharper.} 23. axb3 Rxd1+ 24. Rxd1 Re8) 23. Rxd1 Nxb3 24. Bxb3 Bxb3 25. axb3 Qe8 26. Qc7 Bg5 27. Nf1 b5 28. g3 h5 29. h4 Bh6 30. Rd6 Bc1 31. Rxc6 Bxb2 {[%emt 0:00:18] aiming for ...a4.} 32. Qb7 $2 {[%emt 0:00:35] White does not recover from this.} ({White should try} 32. Rb6 $1 $15) 32... a4 $19 33. bxa4 bxa4 {[%emt 0:00:07] White must now prevent ...a3.} 34. Ne3 a3 35. Ra6 $2 (35. Nd5 Kg7 36. Nf6 (36. Ra6 $2 Qe1+ 37. Kg2 Qe4+ 38. Kg1 Qe1+ 39. Kg2 Rxa6 $19)) 35... Rxa6 36. Qxa6 {[%emt 0:00:03][%mdl 4096] Endgame KQB-KQN} Qe6 37. Qa8+ Kg7 {[%emt 0:00:08] ...a2 is the strong threat.} 38. c4 Qb6 39. Qa4 Qd4 40. Qb3 Qc3 41. Qa2 Qc1+ 42. Kg2 Bd4 43. Nc2 Bc5 (43... Qd2 $142 44. Kh3 Qxf2 45. Qb1 Be5 46. Qb3 a2 47. Qd3 {[#]} Bxg3 $1 48. Qc3+ Kh7 49. Qxg3 Qf5+ 50. Kg2 Qxc2+ 51. Qf2 Qxf2+ 52. Kxf2 a1=Q 53. c5 Qd4+ 54. Ke2 Qxc5 55. Kd3 f5 56. Kd2 f4 57. Ke2 Qd4 58. Kf3 Qe3+ 59. Kg2 Qe2+ 60. Kh3 Qg4+ 61. Kh2 f3 62. Kh1 Qg2#) 44. Qb3 Qd2 45. Kh3 Qxf2 {[%emt 0:00:47] ( -> ...Qf1+)} 46. Qd3 {[%emt 0:00:26] Prevents Qf1+.} a2 {[%emt 0:00:48] Weighted Error Value: White=0.86/Black=0.18 (very precise)} 0-1

[Event "Fall GM-C Norm Invitational 2022"]
[Site "Charlotte"]
[Date "2022.11.20"]
[Round "6"]
[White "Georgiev, Vladimir"]
[Black "Slade, Theodore"]
[Result "1-0"]
[ECO "D31"]
[WhiteElo "2406"]
[BlackElo "2028"]
[Annotator "TA"]
[PlyCount "63"]
[EventDate "2022.11.18"]
[EventType "tourn"]
[EventCountry "USA"]
[SourceTitle "playchess.com"]
[Source "ChessBase"]
[SourceQuality "1"]
[TimeControl "5400+30"]

1. d4 d5 2. c4 e6 3. Nc3 a6 4. cxd5 exd5 5. Nf3 c6 6. h3 {[%emt 0:01:37] D31: Queen's Gambit Declined: Semi-Slav without ...Nf6 (+ Marshall Gambit and Noteboom) and Exchange Variation lines without ...Nf6.} Nf6 7. Bg5 h6 8. Bh4 {[%emt 0:00:20] [#] The position is equal.} Nbd7 $146 ({Predecessor:} 8... Be7 9. e3 O-O 10. Bd3 Ne4 11. Bxe7 Qxe7 12. Bxe4 dxe4 13. Nd2 f5 14. Qe2 Be6 {0-1 (85) Hofmann,T (2215)-Kopinits,A (2204) Playchess.com INT 2020}) 9. Qc2 Bd6 10. O-O-O g5 11. Bg3 Bxg3 12. fxg3 Qe7 {[%emt 0:02:37] Inhibits e4.} 13. e3 Nf8 (13... Qxe3+ $2 14. Kb1 $18) 14. Bd3 Qxe3+ 15. Kb1 Qe7 16. Na4 Be6 $1 17. Nc5 O-O-O $2 {[%emt 0:07:18] [#] Black is on the road to losing.} (17... Qc7 $11) 18. Ne5 (18. Bxa6 $1 $18 bxa6 19. Qa4) 18... Rd6 $2 (18... Ne4 $16) 19. Qa4 $18 Qc7 {[%emt 0:05:33] [#]} (19... N8d7 20. Nxb7 Kxb7) 20. Nxb7 $1 {[%emt 0:09:50][%mdl 576] Decoy} Kxb7 (20... Qxb7 $2 21. Bxa6 Qxa6 22. Qxa6+ $18) 21. Bxa6+ Kb6 (21... Kb8 $142 22. Rc1 Qb6) 22. Rhf1 (22. Rc1 $142 {Threatening mate with Rc3.} Bf5+ 23. Ka1) 22... Bc8 $2 (22... Qa7 $18 23. Rxf6 Nd7) 23. Bxc8 Qxc8 24. Qb4+ Kc7 25. Qa5+ Kb8 26. Rd3 Qb7 {[%emt 0:01:22] [#]} 27. Rb3 (27. Rxf6 $142 $1 Qb5 28. Rb3 Qxb3 29. axb3 Rxf6 30. Qd8+ Kb7 31. Qxf6) 27... Rh7 28. Rxf6 {[%emt 0:02:07][%mdl 64] Deflection, Decoy. White mates.} Rxf6 29. Qd8+ Ka7 30. Ra3+ Qa6 31. Qc7+ {[%emt 0:00:14][%mdl 64] Deflection} Ka8 32. Rxa6# {[%emt 0:00:05] Weighted Error Value: White=0.35/Black=0.97} 1-0